 Dungeon Crawl Stone Soup version 0.25-a0-285-gcba6f664f8 (webtiles) character file.

Game seed: 2816515810177223508, levelgen mode: deterministic

8 kae the Firebug (level 2, -1/15 HPs)
             Began as a Tengu Fire Elementalist on Dec 11, 2019.
             Slain by a dart slug (3 damage)
             ... on level 1 of the Dungeon.
             The game lasted 00:00:15 (73 turns).

kae the Firebug (Tengu Fire Elementalist)             Turns: 73, Time: 00:00:16

Health: -1/15      AC:  2    Str:  8    XL:     2   Next: 8%
Magic:  0/6        EV: 12    Int: 15    God:
Gold:   0          SH:  0    Dex: 14    Spells: 4/5 levels left

rFire    . . .     SeeInvis .   (no weapon)
rCold    . . .     Gourm    .   (no shield)
rNeg     . . .     Faith    .   a - +0 robe
rPois    .         Spirit   .   (helmet restricted)
rElec    .         Reflect  .   (no cloak)
rCorr    .         Harm     .   (no gloves)
MR       .....                  (boots unavailable)
Stlth    ++........             (no amulet)
HPRegen  0.05/turn              (no ring)
MPRegen  0.10/turn              (no ring)

@: very slightly contaminated
A: beak, talons 3
a: no special abilities


You were on level 1 of the Dungeon.
You were not hungry.

You visited 1 branch of the dungeon, and saw 1 of its levels.

Inventory:

Armour
 a - a +0 robe (worn)
Comestibles
 c - a ration


   Skills:
 - Level 2.1 Dodging
 - Level 2.0 Stealth
 + Level 2.1 Spellcasting
 * Level 2.1 Conjurations
 * Level 3.5 Fire Magic


You had 4 spell levels left.
You knew the following spells:

 Your Spells              Type           Power        Failure   Level  Hunger
a - Foxfire               Conj/Fire      ##..         7%          1    #......

Your spell library contained the following spells:

 Spells                   Type           Power        Failure   Level  Hunger
 Conjure Flame            Conj/Fire      ##......     21%         3    ###....
 Inner Flame              Hex/Fire       #.......     32%         3    ###....
 Sticky Flame             Conj/Fire      ##......     56%         4    #####..
 Fireball                 Conj/Fire      ##........   88%         5    ######.


Dungeon Overview and Level Annotations

Branches:
Dungeon (1/15)

Altars:


Innate Abilities, Weirdness & Mutations

You have a beak for a mouth.
You have claws for feet.


Message History

You conjure some foxfire!
The foxfire hits the bat.
The bat is heavily wounded.
The dart slug launches a dart at you. The slug dart misses you.
The foxfire hits the dart slug.
The dart slug is moderately wounded.
The bat barely misses you.
You hit the dart slug but do no damage.
You claw the dart slug, but do no damage.
The dart slug is moderately wounded.
The bat hits you.
* * * LOW HITPOINT WARNING * * *
The dart slug misses you.
You hit the dart slug but do no damage.
You claw the dart slug, but do no damage.
The dart slug is moderately wounded.
The bat hits you.
* * * LOW HITPOINT WARNING * * *
The bat barely misses you. The dart slug bites you.
You die...

...##........)....#
....'.............#
....'.............#
....'..........#'##
...##..........#.#
...#..♣.♣.♣.♣..#.#
####...........#.#
............#b# .
........
#@######....
#.w.†....>..
########.... .


You could see a dart slug and a bat.

Vanquished Creatures
  A dart slug (D:1)
  A bat (D:1)
  2 jackals (D:1)
  A kobold (D:1)
5 creatures vanquished.

Vanquished Creatures (others)
  2 foxfires (D:1)
2 creatures vanquished.

Grand Total: 7 creatures vanquished

Notes
Turn   | Place    | Note
-------+----------+-------------------------------------------
     0 | D:1      | kae the Tengu Fire Elementalist began the quest for the
                  | Orb.
     0 | D:1      | Reached XP level 1. HP: 10/10 MP: 4/4
    54 | D:1      | Reached XP level 2. HP: 12/15 MP: 4/6
    73 | D:1      | Slain by a dart slug

Levels and vault maps discovered:
D:1:      wander_arrival_estate, layout_basic, minmay_misc_feat_five,
          fountainhead

Skill      XL: |  1 |
---------------+----+-----
Conjurations   | 2 |  2.1
Dodging        | |  2.1
Stealth        | |  2.0
Spellcasting   | |  2.1
Fire Magic     | |  3.5

Action                   || total
-------------------------++-------
Melee: Unarmed           ||    16
       Kick              ||     9
       Peck              ||     1
 Cast: Foxfire           ||     6
 Stab: Sleeping          ||     1
Armor: Robe              ||    11
Dodge: Dodged            ||    27

Table legend:
 A = Non-vault XP
 B = Vault XP
 C = Vault XP percentage of total XP
 D = Non-vault monster count
 E = Vault monster count
 F = Vault count percentage of total count
                 A         B        C        D         E       F
            +---------+---------+-------+---------+---------+-------
      Total |      12 |       0 |   0.0 |       5 |       0 |   0.0
            +---------+---------+-------+---------+---------+-------
        D:1 |      12 |       0 |   0.0 |       5 |       0 |   0.0
            +---------+---------+-------+---------+---------+-------
